 Dungeon Sprint DCSS version 0.28.0 (webtiles) character file.

Game seed: 15265321395392233790

123 boopmooplesden the Skirmisher (level 4, -5/47 HPs)
             Began as a Minotaur Fighter on Feb 17, 2022.
             Slain by a neqoxec (6 damage)
             ... in the Dungeon (Sprint II: "The Violet Keep of Menkaure").
             The game lasted 00:00:12 (14 turns).

boopmooplesden the Skirmisher (Minotaur Fighter)      Turns: 14, Time: 00:00:13

Health: -5/47      AC:  9    Str: 23    XL:     4   Next: 79%
Magic:  3/3        EV:  9    Int:  5    God:
Gold:   0          SH:  5    Dex:  9    Spells: 3/3 levels left

rFire   . . .      SeeInvis .   a - +0 long sword
rCold   . . .      Faith    .   c - +0 buckler
rNeg    . . .      Spirit   .   b - +0 scale mail
rPois   .          Reflect  .   (helmet restricted)
rElec   .          Harm     .   (no cloak)
rCorr   .          Rampage  .   (no gloves)
Will    .....      Rage     1%  (no boots)
Stlth   .......... NoTele   +   (no amulet)
HPRegen 0.15/turn               (no ring)
MPRegen 0.08/turn               (no ring)

@: mighty, unable to read
A: horns 2, retaliatory headbutt, iridescent scales 1, berserk 1, inability to
read while threatened
a: no special abilities


You were in the Dungeon.
You visited 1 branch

Inventory:

Hand Weapons
 a - a +0 long sword (weapon)
Armour
 b - a +0 scale mail (worn)
 c - a +0 buckler (worn)
Scrolls
 j - a scroll of blinking
Potions
 e - a potion of curing
 f - a potion of heal wounds
 g - a potion of haste
 h - 2 potions of magic
 i - a potion of berserk rage


   Skills:
 + Level 7.5 Fighting
 + Level 4.1 Long Blades
 + Level 7.2 Armour
 + Level 7.0 Shields


You had 3 spell levels left.
You didn't know any spells.
Your spell library was empty.

Dungeon Overview and Level Annotations

Branches:
Dungeon (1/1)

Altars:


Innate Abilities, Weirdness & Mutations

You have a pair of horns on your head.
You reflexively headbutt those who attack you in melee.
You are partially covered in iridescent scales. (AC +2)
You tend to lose your temper in combat.
You sometimes lose the ability to read scrolls when taking damage.


Message History

Something tries to feed on your intellect!
The neqoxec misses you. You furiously retaliate!
You headbutt the neqoxec!
You kill the neqoxec!
The neqoxec gestures at you.
Strange energies course through your body.
Iridescent scales grow over part of your body.
You feel your intelligence returning.
Your Fighting skill gained 4 levels and is now at level 7!
Your Long Blades skill gained 2 levels and is now at level 4!
Your Armour skill gained 4 levels and is now at level 7!
Your Shields skill gained 4 levels and is now at level 7!
You have reached level 2!
You have reached level 3!
Your experience leads to an increase in your attributes!
Increase (S)trength, (I)ntelligence, or (D)exterity?
You feel stronger. x2
You have reached level 4!
You feel stronger.
Unknown command.
You block the neqoxec's attack.
The neqoxec hits you but does no damage.
The neqoxec barely misses you.
There is an open door here.
You slash the neqoxec!
The neqoxec is heavily wounded.
The neqoxec barely misses you.
You barely miss the neqoxec. Your headbutt misses the neqoxec.
The neqoxec is heavily wounded.
You block the neqoxec's attack.
You hit the neqoxec.
The neqoxec is heavily wounded.
You block the neqoxec's attack.
You barely miss the neqoxec. Your headbutt misses the neqoxec.
The neqoxec is heavily wounded.
The neqoxec hits you!
* * * LOW HITPOINT WARNING * * *
The neqoxec gestures at you.
Something tries to feed on your intellect!
The neqoxec hits you.
You die...

## #+#
#.#
##.##.#
+.<@33#
##.##3.#
#+# #.#
##


You could see 3 neqoxecs.

Vanquished Creatures
  A neqoxec (D)
1 creature vanquished.

Notes
Turn   | Place    | Note
-------+----------+-------------------------------------------
     0 | D        | boopmooplesden the Minotaur Fighter began the quest for the
                  | Orb.
     0 | D        | Reached XP level 1. HP: 19/19 MP: 0/0
     1 | D        | Noticed a neqoxec
     1 | D        | Noticed a neqoxec
     1 | D        | Noticed a neqoxec
     1 | D        | Noticed a neqoxec
     5 | D        | Gained mutation: You sometimes lose the ability to read
                  | scrolls when taking damage. [a neqoxec]
     6 | D        | Gained mutation: You tend to lose your temper in combat. [a
                  | neqoxec]
     8 | D        | Killed a neqoxec
     8 | D        | Gained mutation: You are partially covered in iridescent
                  | scales. (AC +2) [a neqoxec]
     9 | D        | Reached XP level 2. HP: 6/34 MP: 1/1
     9 | D        | Reached XP level 3. HP: 7/39 MP: 2/2
     9 | D        | Reached XP level 4. HP: 8/47 MP: 3/3
    14 | D        | HP: 1/47 [neqoxec (9)]
    14 | D        | Slain by a neqoxec

Illustrated notes

Levels and vault maps discovered:
D:        the_violet_keep_of_menkaure [sprint2_stairs_cluster_1,
          sprint2_shoproom, sprint2_temple, sprint2_basic_supplies,
          sprint2_obstacle_1, sprint2_obstacle_5, sprint2_obstacle_7,
          sprint2_obstacle_2, sprint2_obstacle_6, sprint2_timed_cluster_1,
          sprint2_smallroom_cluster_1, sprint2_smallroom_final_cluster_1,
          sprint2_transparent_cluster_1, sprint2_second_timed_cluster_1,
          sprint2_sniper_area_1, sprint2_heavy_combat_area_1,
          sprint2_mutation_trap_area_1, sprint2_forest_area_1,
          sprint2_light_combat_area_1, sprint2_behind_water_1,
          sprint2_near_end_vault_1]

Skill      XL: |  1 |
---------------+----+-----
Fighting       | 7 |  7.5
Long Blades    | 4 |  4.1
Armour         | 7 |  7.2
Shields        | 7 |  7.0

Action                   |  1- 3 |  4- 6 || total
-------------------------+-------+-------++-------
Melee: Long sword        |     6 |     4 ||    10
       Headbutt          |     1 |       ||     1
  Use: Potion            |     1 |       ||     1
Armor: Scale mail        |       |     1 ||     1
Dodge: Dodged            |     4 |     2 ||     6
Block: Buckler           |       |     3 ||     3
